Description

Harstems guide 5 gate glaive adept build as portrayed in his video

VOD

https://www.youtube.com/watch?v=2mF2-8BXY50

Build Order

Get SALT Encoding   

  14  0:20  Pylon  
  16  0:47  Gateway  scout after
  17  0:54  Assimilator  
  20  1:26  Nexus  
  20  1:34  Cybernetics Core  
  21  1:43  Assimilator  
  22  1:52  Pylon  
  23  2:10  Adept (Chrono Boost)  
  26  2:23  Twilight Council  
  27  2:25  Warp Gate  
  30  2:32  Stalker (Chrono Boost)  
  24  2:52  Robotics Facility  pull 3 workers out of gas and send to natural
  38  3:17  Resonating Glaives  
  38  3:18  Gateway x2  
  38  3:20  Action  all chronos into glaive after prism
  38  3:32  Gateway x2  
  41  3:40  Warp Prism (Chrono Boost)  
  42  3:45  Pylon  
  43  3:52  Pylon  
  44  3:58  Assimilator x2  
  51  4:12  Adept x3  
  52  4:14  Pylon  
  61  4:42  Dark Shrine  
  71  5:00  Pylon  continue warp ins
Spawning Tool Build Advisor. Get it on Overwolf

Go to:

Details

  • Created by: FlatHippo
  • Published on: Nov 02, 2021
  • Modified on: Nov 02, 2021
  • Patch: 4.11.0
  • Difficulty: Medium
Show
View Real Time Build Order
Export as new Build Order

Comments (0)

There are no comments. Be the first!

Create an account to comment!